 Dungeon Crawl Stone Soup version 0.31.0-7-gf635a9b802 (webtiles) character file.

Game seed: 5123048080620542963

1813 jackrogers the Cleaver (level 9, -6/80 HPs)
             Began as an Oni Gladiator on Jan 23, 2024.
             Was a Believer of Okawaru.
             Mangled by a killer bee (7 damage)
             ... on level 6 of the Dungeon.
             The game lasted 00:09:00 (5698 turns).

jackrogers the Cleaver (Oni Gladiator)              Turns: 5698, Time: 00:09:01

Health: -6/80      AC:  4    Str: 24    XL:     9   Next: 10%
Magic:  9/9        EV: 10    Int:  9    God:    Okawaru [**....]
Gold:   388        SH:  0    Dex: 10    Spells: 8/8 levels left

rFire   . . .        a - +1 war axe
rCold   . . .        (no shield)
rNeg    . . .        b - +0 robe
rPois   .            c - +1 hat
rElec   .            (no cloak)
rCorr   .            (gloves unavailable)
SInv    .            (boots unavailable)
Will    .....        (no amulet)
Stlth   +            (no ring)
HPRegen 0.33/turn    (no ring)
MPRegen 0.11/turn

%: no passive effects
@: mighty, lethally poisoned (-6 -> -21), about to teleport
A: large, unfitting armour, horns 1, tough skin 1, double potion healing,
drunken brawling
a: Renounce Religion, Heroism


You were on level 6 of the Dungeon.
You worshipped Okawaru.
Okawaru was pleased with you.
You visited 1 branch of the dungeon, and saw 6 of its levels.

You collected 388 gold pieces.

Inventory:

Hand Weapons
 a - a +1 war axe (weapon)
 t - a +0 battleaxe
Missiles
 d - 2 throwing nets (quivered)
 e - a large rock
 f - 2 javelins
 y - 2 atropa-tipped darts
Armour
 b - a +0 robe (worn)
 c - a +1 hat (worn)
Jewellery
 k - a ring of ice
 p - a +5 ring of evasion
Wands
 g - a wand of flame (21)
 n - a wand of light (9)
 w - a wand of paralysis (9)
Scrolls
 h - a scroll of teleportation
 q - a scroll of poison
 r - a scroll of identify
 z - a scroll of amnesia {unknown}
 A - a scroll of fog {unknown}
Potions
 i - a potion of might
 l - 2 potions of resistance {unknown}
 m - 3 potions of lignification
 o - a potion of curing {unknown}
 s - 3 potions of brilliance {unknown}
 u - a potion of degeneration {unknown}
 v - a potion of cancellation {unknown}
 x - 2 potions of invisibility {unknown}


   Skills:
 - Level 2.6 Fighting
 + Level 11.8 Axes
 - Level 2.0 Throwing
 - Level 2.6 Dodging


You had 8 spell levels left.
You didn't know any spells.
Your spell library contained the following spells:

 Spells                   Type           Power      Damage    Failure   Level
 Sting                    Conj/Alch      0%         1d3       38%         1
 Lesser Beckoning         Tloc           0%         N/A       52%         2
 Mercury Vapours          Alch/Air       0%         N/A       52%         2
 Dazzling Flash           Conj/Hex       0%         N/A       77%         3
 Fugue of the Fallen      Necr           0%         N/A       77%         3
 Gell's Gravitas          Tloc           0%         N/A       77%         3
 Inner Flame              Hex/Fire       0%         N/A       77%         3
 Mephitic Cloud           Conj/Alch/Air  0%         N/A       77%         3
 Ozocubu's Armour         Ice            0%         N/A       77%         3
 Teleport Other           Tloc           0%         N/A       77%         3
 Flame Wave               Conj/Fire      0%         2d4       99%         4
 Manifold Assault         Tloc           0%         N/A       99%         4
 Olgreb's Toxic Radiance  Alch           0%         N/A       99%         4
 Sticky Flame             Fire/Alch      0%         2d4       99%         4
 Curse of Agony           Necr           0%         N/A       100%        5
 Silence                  Hex/Air        0%         N/A       100%        5


Dungeon Overview and Level Annotations

Branches:
Dungeon (6/15)
 Temple: D:4-7

Altars:
Dithmenos
Elyvilon
Fedhas
Gozag
Okawaru
Qazlal
Trog
Vehumet
Wu Jian
Zin
The Shining One

Shops:
D:1 =   D:4 (   D:5 :


Innate Abilities, Weirdness & Mutations

You are too large for most types of armour.
You have a pair of small horns on your head.
You have tough skin. (AC +1)
You gain doubled healing and magic from potions.
Whenever you drink a healing potion, you attack all around you.


Message History

The killer bee is moderately wounded.
You miss the killer bee.
You feel extremely sick. The killer bee misses you. The killer bee stings you!
The killer bee misses you. The killer bee stings you.
Unknown command.
You slash the killer bee! Your headbutt misses the killer bee.
The killer bee is almost dead.
You miss the killer bee.
You feel very sick. The killer bee completely misses you.
The killer bee stings you.
* * * LOW HITPOINT WARNING * * *
The killer bee stings you but does no damage.
The killer bee barely misses you.
You miss the killer bee.
The killer bee is almost dead.
You closely miss the killer bee.
* * * LOW HITPOINT WARNING * * *
You feel very sick. The killer bee barely misses you. x2
Okay, then.
As you read the scroll of teleportation, it crumbles to dust.
You feel strangely unstable.
* * * LOW HITPOINT WARNING * * *
You feel very sick. The killer bee stings you.
* * * LOW HITPOINT WARNING * * *
You are more poisoned.
The killer bee poisons you! The killer bee stings you.
* * * LOW HITPOINT WARNING * * *
The killer bee stings you but does no damage.
The killer bee barely misses you.
You slice the killer bee!!
You kill the killer bee!
Okawaru accepts your kill.
You hit the killer bee.
* * * LOW HITPOINT WARNING * * *
You feel very sick. The killer bee stings you!
You die...

#.##.##.# ##.
...#)# ### #
#.##.###..#####.#.#
..# #..
.............# #.#
### .##........###
#.### ##.....#..#
....# #........#
#.#.# ###.W##.##
..#.# #.####y{...#
###.# #....@y{####
#.# ######### ##.##
#...# #...###
#.....# #.#...#
#..[..# ####.##


You could see a phantom and 2 killer bees.

Vanquished Creatures
  Sigmund (D:2)
  Eustachio (D:6)
  2 black bears
  An ice beast (D:6)
  2 ogres
  2 bullfrogs
  3 scorpions
  4 killer bees (D:6)
  2 orc priests
  A hound (D:5)
  A bombardier beetle (D:5)
  A gnoll bouda (D:4)
  4 iguanas
  Ijyb (D:3)
  A sleepcap (D:5)
  Natasha (D:3)
  Terence (D:3)
  3 orc wizards
  5 gnolls (D:4)
  5 adders
  2 ufetubi (D:5)
  3 dart slugs
  11 orcs
  10 endoplasms
  3 giant cockroaches
  8 goblins
  7 hobgoblins
  6 jackals
  5 kobolds
  6 quokkas
  3 ball pythons
  3 bats
  9 frilled lizards
  8 rats
126 creatures vanquished.

Notes
Turn   | Place    | Note
-------+----------+-------------------------------------------
     0 | D:1      | jackrogers the Oni Gladiator began the quest for the Orb.
     0 | D:1      | Reached XP level 1. HP: 22/22 MP: 1/1
    91 | D:1      | Found Ochuf's One-of-a-Kind Rings.
   113 | D:1      | Reached XP level 2. HP: 27/29 MP: 2/2
   377 | D:1      | Reached skill level 4 in Axes
   426 | D:2      | Reached XP level 3. HP: 28/36 MP: 3/3
   576 | D:2      | Noticed Sigmund
   595 | D:2      | Killed Sigmund
   596 | D:2      | Reached skill level 6 in Axes
   596 | D:2      | Reached XP level 4. HP: 38/44 MP: 4/4
   596 | D:2      | Reached XP level 5. HP: 43/50 MP: 5/5
  1143 | D:2      | Reached XP level 6. HP: 53/59 MP: 6/6
  1229 | D:3      | Found a bloodstained altar of Trog.
  1248 | D:3      | Identified the +0 helmet "Nexot" {-Tele rElec rN+ Will+}
  1319 | D:3      | Noticed Natasha
  1326 | D:3      | Killed Natasha
  1362 | D:3      | Found a glowing golden altar of the Shining One.
  1398 | D:3      | Found an opulent altar of Gozag.
  1421 | D:3      | Noticed Terence
  1427 | D:3      | Killed Terence
  1548 | D:3      | Reached skill level 7 in Axes
  1658 | D:3      | Noticed Ijyb
  1667 | D:3      | Killed Ijyb
  1947 | D:3      | Found a faded altar of an unknown god.
  2063 | D:4      | Found a blossoming altar of Fedhas.
  2065 | D:4      | Found an ornate altar of the Wu Jian Council.
  2065 | D:4      | Found a stormy altar of Qazlal.
  2065 | D:4      | Found an iron altar of Okawaru.
  2144 | D:4      | Became a worshipper of Warmaster Okawaru
  2432 | D:4      | Found Nese's Weapon Shop.
  2480 | D:4      | Reached XP level 7. HP: 16/66 MP: 7/7
  2699 | D:4      | Reached skill level 8 in Axes
  3089 | D:5      | Entered Level 5 of the Dungeon
  3100 | D:5      | Found a glowing silver altar of Zin.
  3405 | D:5      | Found a radiant altar of Vehumet.
  3420 | D:5      | Found Riumotiapp's Book Emporium.
  3471 | D:5      | Found a white marble altar of Elyvilon.
  3628 | D:5      | Reached * piety under Okawaru
  3629 | D:5      | Reached skill level 9 in Axes
  4034 | D:5      | Reached XP level 8. HP: 69/74 MP: 8/8
  4265 | D:5      | Found a shadowy altar of Dithmenos.
  4488 | D:6      | Reached skill level 10 in Axes
  4699 | D:6      | Noticed Eustachio
  4785 | D:6      | Killed Eustachio
  4964 | D:6      | Reached ** piety under Okawaru
  5110 | D:6      | Reached skill level 11 in Axes
  5170 | D:6      | HP: 3/74 [poisoned by a scorpion]
  5446 | D:6      | Reached XP level 9. HP: 80/80 MP: 9/9
  5698 | D:6      | HP: 1/80 [poisoned by a killer bee]
  5698 | D:6      | Mangled by a killer bee

Illustrated notes

Levels and vault maps discovered:
D:1:      lordsloth_arrival_two_stooges, layout_rooms,
          nicolae_shop_unique_rings, kennysheep_decorative_pillar,
          kennysheep_nondescript, minmay_pentomino_t2
D:2:      layout_loops_ring, uniq_sigmund
D:3:      layout_loops_ring, mainiacjoe_overflow_six_doors_small,
          mainiacjoe_overflow_surrounded_room,
          nicolae_gozag_cash_rules_everything_around_me,
          shapermc_ecumenical_altar_mp_ritualfount, uniq_terence, uniq_ijyb,
          uniq_natasha
D:4:      layout_basic, chequers_temple_overflow_statue_of_worship,
          serial_shops, nicolae_shop_tiny_waterfront, lightli_corner_chamber
D:5:      layout_basic, nicolae_elyvilon_peaceful_grove, lemuel_doored_altar,
          grunt_dithmenos_smoke, amcnicky_altar_gilded, serial_shops, shop,
          minmay_lizard_king
D:6:      layout_loops_cross, uniq_eustachio

Skill      XL: |  1  2  3  4  5  6  7  8 |
---------------+-------------------------+-----
Axes           | 4 6 7 9 11 | 11.8
Fighting       | |  2.6
Throwing       | |  2.0
Dodging        | |  2.6

Action                     |  1- 3 |  4- 6 |  7- 9 || total
---------------------------+-------+-------+-------++-------
  Melee: War axe           |    69 |   123 |   206 ||   398
         Headbutt          |     8 |    18 |    29 ||    55
         Punch             |       |     3 |     1 ||     4
  Throw: Throwing net      |     2 |       |       ||     2
    Use: Scroll            |     3 |     4 |     3 ||    10
         Potion            |       |     1 |     4 ||     5
   Stab: Sleeping          |       |     3 |     1 ||     4
 Armour: Robe              |    43 |    80 |   197 ||   320
  Dodge: Dodged            |    38 |    42 |    83 ||   163
